Map: Ascension to Aiur LE

Players

Snute - Winner!

  • Race: Zerg Zerg
  • Spawn Location: 5:00

Elazer

  • Race: Zerg Zerg
  • Spawn Location: 11:00

Event: WCS Valencia 2017

VOD

Have the link to the VOD?

Description

Time

  • Played on: July 15, 2017, 1:38 p.m.
  • Length: 12:25

All games in this series

Show
View Real Time Build Order
Export as new Build Order

Snute Zerg - Winner!

Build Orders: Pool First, Zergling Baneling 

Get SALT Encoding   

  12  0:00  Drone  
  13  0:12  Overlord  
  13  0:17  Drone  
  14  0:30  Drone x2  
  14  0:34  Drone  
  17  0:38  Extractor  
  16  0:44  Drone  
  17  0:51  Spawning Pool  
  17  0:55  Drone  
  17  1:06  Drone  
  18  1:19  Hatchery  
  18  1:22  Drone  
  18  1:37  Queen  
  20  1:40  Metabolic Boost  
  20  1:43  Zergling x2  
  21  1:50  Overlord  
  21  1:55  Drone  
  22  2:01  Baneling Nest  
  21  2:10  Zergling x2  
  21  2:11  Zergling x2  
  23  2:16  Queen  
  23  2:21  Zergling x2  
  26  2:33  Zergling x4  
  28  2:45  Drone  
  28  2:46  Drone x2  
  28  2:48  Overlord  
  28  2:51  Drone  
  32  2:52  Drone  
  32  2:58  Overlord  
  33  3:02  Baneling  
  33  3:05  Drone  
  34  3:10  Overlord  
  34  3:19  Drone x3  
  38  3:20  Drone x2  
  38  3:28  Zergling x6  
  40  3:35  Drone x2  
  40  3:39  Zergling x2  
  40  3:40  Zergling x2  
  40  3:41  Queen  
  44  3:47  Baneling x2  
  46  3:53  Zergling x4  
  47  4:01  Drone  
  44  4:03  Zergling x2  
  44  4:05  Queen  
  43  4:11  Baneling x2  
  43  4:16  Zergling x8  
  47  4:24  Drone x2  
  48  4:34  Baneling  
  48  4:35  Drone x2  
  48  4:37  Hatchery  
  48  4:39  Drone  
  48  4:40  Drone x2  
  48  4:42  Extractor  
  48  4:43  Baneling x2  
  50  4:47  Drone  
  50  4:49  Roach Warren  
  50  4:51  Overlord  
  50  4:57  Zergling x2  
  50  5:01  Zergling x2  
  50  5:05  Zergling x2  
  50  5:06  Zergling x6  
  52  5:11  Zergling x2  
  52  5:12  Zergling x6  
  53  5:32  Roach x3  
  59  5:35  Roach  
  59  5:37  Roach x3  
  65  5:44  Drone x2  
  65  5:46  Overlord  
  65  5:47  Extractor, Drone x2  
  65  5:49  Drone  
  69  5:50  Lair  
  69  5:56  Extractor, Drone  
  69  5:57  Drone  
  70  5:58  Evolution Chamber  
  70  5:59  Drone  
  69  6:06  Drone  
  69  6:08  Drone  
  71  6:12  Drone x2  
  71  6:13  Drone x2  
  71  6:16  Drone x3  
  78  6:24  Zerg Missile Weapons Level 1  
  78  6:25  Overlord  
  78  6:26  Drone x2  
  80  6:41  Extractor  
  80  6:45  Roach x5  
  89  6:47  Overlord  
  89  6:49  Glial Reconstitution  
  89  6:51  Overlord  
  89  6:52  Overlord  
  89  6:55  Overlord  
  89  7:03  Overlord  
  89  7:07  Roach x4  
  89  7:08  Overlord  
  97  7:12  Roach x4  
  97  7:13  Roach  
  107  7:20  Roach  
  107  7:21  Roach x3  
  113  7:27  Unknown  
  113  7:30  Roach  
  113  7:31  Roach x3  
  121  7:39  Roach  
  121  7:40  Roach x4  
  121  7:43  Overlord  
  131  7:46  Ravager x4  
  131  7:49  Ravager  
  136  7:54  Roach  
  136  7:55  Overlord  
  136  7:57  Roach x2, Overlord  
  138  8:01  Overlord  
  138  8:02  Drone x3  
  138  8:03  Drone  
  142  8:09  Ravager x2  
  142  8:10  Drone x2  
  146  8:13  Drone  
  146  8:14  Drone x3  
  146  8:19  Hydralisk Den  
  133  8:29  Drone x9  
  132  8:38  Roach  
  132  8:39  Roach x4  
  129  8:53  Muscular Augments  
  117  8:57  Hydralisk  
  117  8:58  Hydralisk x6  
  121  9:05  Roach x2  
  121  9:08  Roach  
  121  9:09  Roach x2  
  119  9:16  Roach x3  
  121  9:22  Hydralisk x2  
  125  9:27  Hydralisk  
  123  9:34  Roach x2  
  123  9:36  Roach x3  
  132  9:43  Spore Crawler  
  132  9:45  Roach x4  
  136  9:50  Spore Crawler, Drone x2  
  136  9:51  Drone x3  
  127  10:00  Drone  
  127  10:01  Drone  
  128  10:08  Roach x4  
  131  10:22  Roach x7  
  127  10:30  Roach x2  
  123  10:36  Roach  
  123  10:37  Roach x4  
  123  10:41  Roach  
  123  10:42  Roach  
  117  10:58  Hydralisk x7  
  117  11:03  Hatchery  
  126  11:06  Hydralisk x4  
  128  11:14  Spore Crawler  
  127  11:22  Roach x6  
  127  11:23  Roach  
  141  11:26  Unknown  
  141  11:31  Roach  
  141  11:32  Roach x3  
  149  11:33  Ravager  
  149  11:36  Overlord  
  150  11:43  Overlord  
  150  11:45  Overlord x2  
  150  11:56  Roach  
  144  12:04  Roach x7  
Show
View Real Time Build Order
Export as new Build Order

Elazer Zerg 

Build Orders: Hatch First 

Get SALT Encoding   

  12  0:00  Drone  
  13  0:11  Overlord  
  13  0:17  Drone  
  14  0:30  Drone x2  
  14  0:34  Drone  
  17  0:50  Hatchery  
  17  0:54  Drone  
  17  0:57  Drone  
  17  1:01  Extractor  
  17  1:13  Spawning Pool  
  17  1:16  Drone  
  17  1:19  Drone  
  18  1:27  Drone  
  19  1:38  Overlord  
  19  2:00  Queen, Zergling x4  
  23  2:01  Metabolic Boost  
  23  2:03  Queen  
  23  2:07  Zergling x2  
  26  2:11  Drone  
  26  2:14  Drone  
  28  2:21  Drone  
  29  2:23  Drone  
  30  2:34  Drone x2  
  32  2:44  Hatchery  
  32  2:47  Queen  
  33  2:54  Overlord  
  33  2:58  Overlord  
  33  3:01  Zergling x2  
  33  3:04  Zergling x4  
  36  3:15  Zergling x2  
  36  3:16  Zergling x8  
  41  3:26  Zergling x4  
  42  3:34  Zergling x2  
  42  3:36  Hatchery  
  42  3:40  Zergling x4  
  43  3:42  Overlord  
  43  3:50  Overlord  
  43  3:55  Drone  
  44  4:01  Drone  
  44  4:02  Drone  
  43  4:16  Zergling x6  
  43  4:17  Zergling x2  
  43  4:18  Zergling x2  
  43  4:22  Zergling x2  
  42  4:26  Zergling x2  
  41  4:32  Zergling x6  
  41  4:34  Lair  
  41  4:35  Roach Warren  
  42  4:39  Zergling x10  
  47  4:51  Zergling x6  
  50  4:56  Overlord  
  50  4:57  Drone x2  
  50  4:59  Drone  
  51  5:02  Drone x2  
  49  5:08  Drone x3  
  49  5:10  Drone  
  49  5:11  Drone  
  49  5:12  Extractor, Queen  
  54  5:15  Drone  
  56  5:21  Drone  
  56  5:22  Drone  
  53  5:32  Roach, Overlord  
  53  5:33  Roach x2  
  56  5:38  Roach x2  
  62  5:43  Roach x2  
  62  5:46  Drone x2  
  62  5:48  Extractor, Drone  
  62  5:49  Drone  
  65  5:51  Drone  
  65  5:52  Drone  
  65  5:55  Drone x2  
  68  5:58  Glial Reconstitution  
  68  6:00  Drone  
  68  6:03  Drone  
  70  6:06  Overlord  
  73  6:11  Drone x3  
  73  6:12  Extractor  
  73  6:14  Extractor  
  73  6:15  Extractor  
  73  6:16  Drone x2  
  72  6:18  Drone  
  73  6:27  Spire, Drone x2  
  73  6:31  Roach  
  73  6:32  Roach  
  78  6:36  Roach  
  78  6:38  Roach  
  82  6:46  Drone x3  
  84  6:52  Roach x2  
  86  6:56  Evolution Chamber, Drone  
  86  6:57  Drone x4  
  90  7:04  Overlord  
  90  7:07  Overseer  
  90  7:23  Zerg Missile Weapons Level 1  
  90  7:24  Drone  
  90  7:25  Drone x7  
  90  7:27  Overlord x2  
  98  7:45  Hatchery, Mutalisk  
  98  7:46  Mutalisk x5  
  98  7:47  Mutalisk  
  98  7:50  Mutalisk  
  113  7:56  Overlord x2  
  113  7:57  Drone  
  114  7:59  Overlord  
  114  8:14  Roach x8  
  114  8:19  Roach x3  
  134  8:22  Roach x2  
  134  8:26  Roach  
  123  8:29  Roach x3  
  122  8:38  Roach  
  114  8:47  Roach x3  
  104  8:49  Roach x2  
  100  8:59  Roach x3  
  97  9:07  Hatchery  
  87  9:11  Drone x2  
  87  9:14  Drone x3  
  87  9:15  Drone  
  93  9:17  Drone  
  93  9:21  Queen  
  96  9:30  Roach x3  
  102  9:32  Queen  
  102  9:35  Roach  
  104  9:47  Roach x5  
  112  10:02  Roach x7  
  112  10:03  Roach  
  112  10:07  Ravager  
  129  10:08  Queen  
  129  10:12  Overlord  
  131  10:17  Overlord  
  121  10:26  Roach x5  
  114  10:32  Queen  
  96  10:37  Roach x4  
  100  10:46  Roach x6  
  99  10:51  Roach  
  99  10:55  Roach  
  93  10:59  Roach x2  
  94  11:05  Roach x4  
  94  11:11  Roach x3  
  106  11:17  Drone x3  
  109  11:19  Drone  
  110  11:27  Roach x5  
  120  11:33  Roach x3  
  120  11:36  Roach  
  120  11:39  Ravager x4  
  132  11:40  Ravager  
  132  11:43  Ravager, Roach  
  132  11:46  Overlord  
  122  12:03  Roach x4  
Tags
 
Add a new tag
Caveats
  • Supply blocks, unpowered buildings, or Contaminate may cause inaccurate times.
  • Supply counts are checked every 10 seconds.